 Dungeon Crawl Stone Soup version 0.30.1-11-g7821555f0a (webtiles) character file.

Game seed: 16778103543813082401

7977 Julppu the Cleaver (level 11, 0/85 HPs)
             Began as a Minotaur Fighter on Dec 19, 2023.
             Was a Priest of Trog.
             Succumbed to a tengu warrior's poison
             ... on level 9 of the Dungeon on Dec 20, 2023.
             The game lasted 01:40:03 (7769 turns).

Julppu the Cleaver (Minotaur Fighter)               Turns: 7769, Time: 01:40:03

Health: 0/85       AC: 18    Str: 25    XL:     11   Next: 3%
Magic:  0/10       EV:  6    Int:  7    God:    Trog [***...]
Gold:   475        SH: 15    Dex: 10    Spells: 10/10 levels left

rFire   . . .        Q - +8 spear of the Pillar {freeze, rPois rC+ Int+2}
rCold   + . .        M - +0 tower shield
rNeg    . . .        S - +0 plate armour
rPois   +            (helmet unavailable)
rElec   .            i - +0 cloak
rCorr   .            r - +0 pair of gloves
SInv    .            L - +0 pair of boots
Will    +....        T - amulet of guardian spirit Stlth
                     (no ring)
HPRegen 0.34/turn    O - ring of willpower
MPRegen 0.12/turn

%: clarity, guardian spirit
@: lethally poisoned (0 -> -3), hasted, very quick
A: horns 3, retaliatory headbutt, talons 1, clarity, frail 1
a: Renounce Religion, Berserk, Trog's Hand


You were on level 9 of the Dungeon.
You worshipped Trog.
Trog was most pleased with you.
You visited 2 branches of the dungeon, and saw 10 of its levels.

You collected 475 gold pieces.

Inventory:

Hand Weapons
 c - a +4 halberd of freezing
 f - a +3 morningstar of freezing
 j - a +3 dagger of draining
 o - a +2 hand axe of flaming
 w - a +4 war axe
 Q - the +8 spear of the Pillar (weapon) {freeze, rPois rC+ Int+2}
   (You found it on level 9 of the Dungeon)

   Int:       It affects your intelligence (+2).
   rC:        It protects you from cold.
   rPois:     It protects you from poison.
 R - a +1 whip of flaming
 U - a +2 dagger of draining
 X - a +2 quarterstaff of chaos
Missiles
 y - 2 atropa-tipped darts (quivered)
 H - 8 poisoned darts
Armour
 a - the +3 hat of Pondering {ponderous, Will+ MP+10 Int+5}
   (You found it on level 9 of the Dungeon)

   Int:       It affects your intelligence (+5).
   MP:        It affects your magic capacity (+10).
   Will:      It increases your willpower.
 i - a +0 cloak (worn)
 r - a +0 pair of gloves (worn)
 L - a +0 pair of boots (worn)
 M - a +0 tower shield (worn)
 S - a +0 plate armour (worn)
Magical Staves
 A - a staff of conjuration
 I - a staff of poison
Jewellery
 E - a ring of wizardry
 O - a ring of willpower (right hand)
 T - an amulet of guardian spirit (around neck)
Wands
 q - a wand of polymorph (7)
 W - a wand of digging (12)
Scrolls
 g - a scroll of acquirement {unknown}
 l - a scroll of enchant weapon
 m - a scroll of summoning
 p - 2 scrolls of magic mapping {unknown}
 u - 2 scrolls of teleportation
 v - 3 scrolls of poison {unknown}
 F - 2 scrolls of fear
 J - a scroll of blinking {unknown}
 K - 3 scrolls of vulnerability {unknown}
 N - a scroll of enchant armour {unknown}
Potions
 e - a potion of invisibility {unknown}
 k - a potion of attraction {unknown}
 n - a potion of resistance {unknown}
 B - a potion of ambrosia {unknown}
 C - a potion of degeneration {unknown}
 D - 3 potions of flight {unknown}
 P - 2 potions of magic {unknown}


   Skills:
 + Level 8.5 Fighting
 + Level 3.4 Long Blades
 + Level 12.7(12.9) Axes
 + Level 3.7(9.0) Polearms
 + Level 9.7 Armour
 + Level 2.7 Dodging
 + Level 1.0 Stealth
 + Level 9.4 Shields


You had 10 spell levels left.
You didn't know any spells.
Your spell library contained the following spells:

 Spells                   Type           Power      Damage    Failure   Level
 Gell's Gravitas          Tloc           0%         N/A       100%        3
 Hailstorm                Conj/Ice       0%         3d3       100%        3
 Teleport Other           Tloc           0%         N/A       100%        3
 Ice Form                 Ice/Tmut       0%         N/A       100%        4
 Dispersal                Tloc           0%         N/A       100%        6
 Simulacrum               Ice/Necr       0%         N/A       100%        6


Dungeon Overview and Level Annotations

Branches:
Dungeon (9/15)             Temple (1/1) D:4            Lair (0/5) D:8
    Orc: D:9-12

Altars:
Ashenzari
Cheibriados
Dithmenos
Elyvilon
Fedhas
Gozag
Hepliaklqana
Kikubaaqudgha
Makhleb
Nemelex Xobeh
Okawaru
Qazlal
Ru
Sif Muna
Trog
Uskayaw
Vehumet
Xom
Yredelemnul
Zin
The Shining One

Shops:
D:2 *(!   D:4 [

Annotations:
D:3 1 runed translucent door


Innate Abilities, Weirdness & Mutations

You have a pair of large horns on your head.
You reflexively headbutt those who attack you in melee.
You have sharp toenails.
You possess an exceptional clarity of mind.
You are frail. (-10% HP)


Message History

* * * LOW HITPOINT WARNING * * *
You miss the tengu warrior.
The tengu warrior is almost dead.
* * * LOW HITPOINT WARNING * * *
You feel sick.
You puncture the tengu warrior! You freeze the tengu warrior.
You kill the tengu warrior!
Trog accepts your kill.
* * * LOW HITPOINT WARNING * * *
You feel sick.
Your base Polearms skill increases to level 3!
You hit the cyclops. You freeze the cyclops.
The cyclops is lightly wounded.
* * * LOW HITPOINT WARNING * * *
You feel sick.
You puncture the cyclops! You freeze the cyclops. You headbutt the cyclops.
The cyclops is heavily wounded.
* * * LOW HITPOINT WARNING * * *
You feel sick.
The deep elf pyromancer gestures wildly while chanting.
The deep elf pyromancer blinks!
You hit the cyclops but do no damage.
The cyclops is heavily wounded.
* * * LOW HITPOINT WARNING * * *
You feel sick. The cyclops hits you.
* * * LOW HITPOINT WARNING * * *
You hit the cyclops. You freeze the cyclops. You headbutt the cyclops!
The cyclops is severely wounded.
You puncture the cyclops! You freeze the cyclops.
The cyclops is almost dead.
* * * LOW HITPOINT WARNING * * *
You feel sick.
You hit the cyclops. You freeze the cyclops.
You kill the cyclops!
Trog accepts your kill.
The deep elf pyromancer casts a spell.
The deep elf pyromancer blinks!
You hear some strange, mumbled words.
You have reached level 11!
You die...

.........#####....#...#....#
########.# #....#...#....#
.......#.# #....#...#....#
.......#.# #....#####....#
...)...#.# #.............#
###'#'##.#####......####...#
...............######e|##..######
..†............#{eD##)h}#........
##'##'#........#@##.#CDe#........
......#........#.###e####........
......#........##.###.##.........
....(.#........#...###.#.........
......#........#.#..# .#....#'###
......#........#...#...#....#....
......#.<......##.######....#....
......#.....................#....
..)...#.....................#....


You could see a four-headed hydra and a deep elf pyromancer.

Vanquished Creatures
  A two-headed ogre (D:7)
  A tengu warrior (D:9)
  Pikel (D:7)
  A cyclops (D:9)
  A kobold demonologist (D:9)
  A rime drake (D:8)
  A troll (D:9)
  Grinder (D:6)
  Sigmund (D:5)
  A shadow (D:6)
  A basilisk (D:9)
  Menkaure (D:7)
  A water moccasin (D:9)
  Duvessa (D:5)
  An orc warrior (D:8)
  A black bear (D:6)
  5 ice beasts
  4 centaurs
  2 wolves (D:8)
  2 phantoms (D:6)
  3 lemures (D:7)
  The ghost of vvlvvlvvl the Digger, an amateur DEEE (D:3)
  Blork the orc (D:6)
  2 bullfrogs
  A gnoll sergeant (D:9)
  A kobold brigand (D:9)
  2 scorpions
  10 wights (D:7)
  7 killer bees
  Dowan (D:5)
  2 howler monkeys (D:5)
  6 hounds
  2 jellies
  Crazy Yiuf (D:5)
  A gnoll bouda (D:8)
  3 orc priests
  Jessica (D:3)
  A sleepcap (D:6)
  3 iguanas
  8 orc wizards
  Robin (D:4)
  10 gnolls
  6 adders
  2 shadow imps
  A white imp (D:8)
  2 worms
  2 dart slugs
  19 orcs
  5 bats
  5 endoplasms
  6 giant cockroaches
  10 goblins
  8 hobgoblins
  6 jackals (D:2)
  14 kobolds
  7 quokkas
  9 ball pythons
  5 frilled lizards
  8 rats
212 creatures vanquished.

Vanquished Creatures (collateral kills)
  A centaur warrior (D:9)
1 creature vanquished.

Grand Total: 213 creatures vanquished

Notes
Turn   | Place    | Note
-------+----------+-------------------------------------------
     0 | D:1      | Julppu the Minotaur Fighter began the quest for the Orb.
     0 | D:1      | Reached XP level 1. HP: 19/19 MP: 0/0
   129 | D:1      | Reached XP level 2. HP: 25/27 MP: 1/1
   578 | D:2      | Found Hajischogru's Weapon Shop.
   590 | D:2      | Found Xownus's Distillery.
   631 | D:2      | Reached XP level 3. HP: 33/33 MP: 2/2
   672 | D:2      | Found Fuijoi's General Store.
   756 | D:2      | Reached XP level 4. HP: 40/40 MP: 3/3
  1149 | D:2      | Reached skill level 1 in Axes
  1497 | D:3      | Found a runed translucent door.
  1498 | D:3      | Noticed vvlvvlvvl's ghost (amateur DEEE)
  1517 | D:3      | Found a runed translucent door.
  2112 | D:3      | Noticed Jessica
  2124 | D:3      | Killed Jessica
  2125 | D:3      | Reached skill level 2 in Axes
  2125 | D:3      | Reached skill level 1 in Dodging
  2125 | D:3      | Reached XP level 5. HP: 46/46 MP: 4/4
  2243 | D:3      | Killed vvlvvlvvl's ghost
  2251 | D:3      | Reached skill level 3 in Axes
  2340 | D:4      | Found a staircase to the Ecumenical Temple.
  2443 | D:4      | Reached XP level 6. HP: 51/52 MP: 5/5
  2481 | D:4      | Reached skill level 5 in Armour
  2507 | D:4      | Found a glowing silver altar of Zin.
  2662 | D:4      | Found Uxecs's Antique Armour Shop.
  2718 | D:4      | Noticed Robin
  2723 | D:4      | Killed Robin
  2724 | D:4      | Reached skill level 4 in Axes
  3059 | Temple   | Entered the Ecumenical Temple
  3085 | Temple   | Became a worshipper of Trog the Wrathful
  3386 | D:5      | Entered Level 5 of the Dungeon
  3525 | D:5      | Noticed Sigmund
  3526 | D:5      | Noticed Dowan
  3533 | D:5      | Killed Dowan
  3539 | D:5      | Noticed Duvessa
  3570 | D:5      | Killed Sigmund
  3571 | D:5      | Reached skill level 5 in Axes
  3571 | D:5      | Reached skill level 5 in Shields
  3571 | D:5      | Reached XP level 7. HP: 58/60 MP: 3/6
  3582 | D:5      | Killed Duvessa
  3602 | D:5      | Found a runed translucent door.
  3603 | D:5      | Noticed Crazy Yiuf
  3706 | D:5      | Reached skill level 6 in Axes
  3850 | D:5      | Reached skill level 5 in Fighting
  4133 | D:5      | Killed Crazy Yiuf
  4237 | D:6      | Reached * piety under Trog
  4238 | D:6      | Reached XP level 8. HP: 56/69 MP: 7/7
  4355 | D:6      | Reached skill level 7 in Axes
  4517 | D:6      | Reached skill level 1 in Stealth
  4599 | D:6      | Noticed Grinder
  4605 | D:6      | Reached skill level 8 in Axes
  4629 | D:6      | Killed Grinder
  4984 | D:6      | Reached skill level 9 in Axes
  4984 | D:6      | Reached XP level 9. HP: 64/78 MP: 6/8
  5044 | D:6      | Found an iron altar of Okawaru.
  5087 | D:6      | Noticed Blork the orc
  5093 | D:6      | Reached ** piety under Trog
  5099 | D:6      | Killed Blork the orc
  5276 | D:7      | Noticed Pikel
  5288 | D:7      | Killed Pikel
  5289 | D:7      | Reached skill level 10 in Axes
  5550 | D:7      | Noticed Menkaure
  5559 | D:7      | Killed Menkaure
  5589 | D:7      | Found a shadowy altar of Dithmenos.
  5722 | D:7      | Reached skill level 11 in Axes
  5884 | D:7      | Noticed a two-headed ogre
  5893 | D:7      | Killed a two-headed ogre
  5894 | D:7      | Reached XP level 10. HP: 65/88 MP: 6/9
  6348 | D:8      | Gained mutation: You have a pair of large horns on your
                  | head. [potion of mutation]
  6348 | D:8      | Gained mutation: You have sharp toenails. [potion of
                  | mutation]
  6348 | D:8      | Gained mutation: You possess an exceptional clarity of
                  | mind. [potion of mutation]
  6443 | D:8      | Found a staircase to the Lair.
  6491 | D:8      | Reached skill level 12 in Axes
  6873 | D:8      | Found a snail-covered altar of Cheibriados.
  7051 | D:9      | Reached *** piety under Trog
  7117 | D:9      | Identified the +8 spear of the Pillar {freeze, rPois rC+
                  | Int+2}
  7152 | D:9      | Gained mutation: You are frail. (-10% HP) [a neqoxec]
  7246 | D:9      | Reached skill level 1 in Polearms
  7476 | D:9      | Noticed a centaur warrior
  7476 | D:9      | Noticed a cyclops
  7477 | D:9      | Found a runed translucent door.
  7479 | D:9      | Noticed a deep elf pyromancer
  7479 | D:9      | Noticed a deep elf knight
  7479 | D:9      | Noticed a deep elf pyromancer
  7479 | D:9      | Identified the +1 triple sword "Eloir" {venom, *Noise rN++}
  7479 | D:9      | Noticed a tengu warrior
  7479 | D:9      | Noticed a four-headed hydra
  7581 | D:9      | Found the +3 hat of Pondering {ponderous, Will+ MP+10
                  | Int+5}
  7730 | D:9      | Killed a centaur warrior
  7762 | D:9      | Killed a tengu warrior
  7763 | D:9      | HP: 4/81 [poisoned by a tengu warrior]
  7765 | D:9      | HP: 1/81 [cyclops (1)]
  7768 | D:9      | Killed a cyclops
  7769 | D:9      | Reached XP level 11. HP: 1/85 MP: 0/10
  7769 | D:9      | Succumbed to a tengu warrior's poison

Illustrated notes

Levels and vault maps discovered:
D:1:      onia_arrival_handbag, layout_loops_ring, minmay_pentomino_t2
D:2:      layout_loops_cross, serial_shops, nicolae_shop_waterfront,
          nicolae_shop_just_a_little_nook, shop, chequers_mini_garden,
          minmay_fountain_box
D:3:      layout_basic, ebering_ghost_sewer_f, chequers_big_river, uniq_jessica
D:4:      layout_loops_ring, mainiacjoe_overflow_surrounded_room, temple_pool_b,
          serial_shops, nicolae_shop_window_shopping, hex_tiny, uniq_robin
D:5:      layout_loops_ring, uniq_crazy_yiuf_cottage, uniq_duvessa, uniq_sigmund
D:6:      layout_loops_corners, mainiacjoe_overflow_catwalk,
          dreamdust_gnoll_farm, uniq_blork_the_orc, uniq_grinder
D:7:      layout_basic, grunt_dithmenos_shadows, uniq_menkaure, uniq_pikel
D:8:      layout_basic, kennysheep_little_box, hellmonk_lair_entry_icy
D:9:      minmay_gate_of_8, layout_irregular_city
Temple:   minmay_crystal_spiral_temple

Skill      XL: |  1  2  3  4  5  6  7  8  9 10 |
---------------+-------------------------------+-----
Shields        | 4 5 6 8 9 |  9.4
Armour         | 4 6 7 8 9 |  9.7
Long Blades    | 3 |  3.4
Fighting       | 4 5 6 7 8 |  8.5
Axes           | 2 3 5 6 9 11 12 | 12.7
Dodging        | 1 2 |  2.7
Stealth        | 1 |  1.0
Polearms       | 3 |  3.7

Action                     |  1- 3 |  4- 6 |  7- 9 | 10-12 || total
---------------------------+-------+-------+-------+-------++-------
  Melee: Long sword        |    51 |       |       |       ||    51
         Headbutt          |    11 |    23 |    32 |    27 ||    93
         War axe           |    19 |   167 |   195 |    90 ||   471
         Spear             |       |       |       |    68 ||    68
    Use: Scroll            |       |     5 |     3 |     2 ||    10
         Potion            |       |     1 |     4 |     5 ||    10
 Armour: Scale mail        |    33 |    34 |       |       ||    67
         Chain mail        |       |    22 |       |       ||    22
         Plate armour      |       |    19 |   101 |    66 ||   186
         Skin              |       |       |       |     5 ||     5
  Dodge: Dodged            |    26 |    68 |    55 |    25 ||   174
  Block: Buckler           |    15 |    35 |    17 |       ||    67
         Tower shield      |       |       |    68 |    97 ||   165
